 Dungeon Crawl Stone Soup version 0.31-a0-232-gb1c03b2570 (webtiles) character file.

Game seed: 3943233333262464117

99 qw the Shooter (level 4, -1/36 HPs)
             Began as a Minotaur Hexslinger on July 7, 2023.
             Slain by a goblin
             ... wielding a +2 dagger of venom
             ... led by Robin
              (2 damage)
             ... on level 3 of the Dungeon.
             The game lasted 00:00:48 (2236 turns).

qw the Shooter (Minotaur Hexslinger)                Turns: 2236, Time: 00:00:49

Health: -1/36      AC:  9    Str: 11 (12) XL:     4   Next: 45%
Magic:  4/4        EV: 10    Int:  9 (10) God:
Gold:   80         SH:  0    Dex: 15      Spells: 4/5 levels left

rFire   . . .        g - +0 shortbow
rCold   . . .        (shield currently unavailable)
rNeg    . . .        a - +0 ring mail
rPois   +            (helmet restricted)
rElec   .            (no cloak)
rCorr   .            f - +2 pair of gloves
SInv    .            b - +0 pair of boots
Will    .....        (no amulet)
Stlth   +            e - ring of poison resistance
HPRegen 0.26/turn    (no ring)
MPRegen 0.09/turn

%: no passive effects
@: brilliant, lethally poisoned (-1 -> -5)
A: horns 2, retaliatory headbutt
a: no special abilities


You were on level 3 of the Dungeon.
You visited 1 branch of the dungeon, and saw 4 of its levels.

You collected 104 gold pieces.
You spent 24 gold pieces at shops.


Innate Abilities, Weirdness & Mutations

You have a pair of horns on your head.
You reflexively headbutt those who attack you in melee.


   Skills:
 - Level 2.0 Fighting
 + Level 4.9 Ranged Weapons
 - Level 1.0 Armour
 - Level 2.1 Dodging
 - Level 1.0 Spellcasting
 - Level 2.0 Hexes


You had 4 spell levels left.
You knew the following spells:

 Your Spells              Type           Power      Damage    Failure   Level
a - Slow                  Hex            24%        N/A       36%         1

Your spell library contained the following spells:

 Spells                   Type           Power      Damage    Failure   Level
 Inner Flame              Hex/Fire       3%         N/A       86%         3
 Portal Projectile        Hex/Tloc       6%         N/A       86%         3
 Cause Fear               Hex            3%         N/A       98%         4

Inventory:

Hand Weapons
 g - a +0 shortbow (weapon)
Armour
 a - a +0 ring mail (worn)
 b - a +0 pair of boots (worn)
 f - a +2 pair of gloves (worn)
Jewellery
 e - a ring of poison resistance (left hand)
Scrolls
 c - a scroll of identify
Potions
 d - a potion of mutation {unknown}
 j - a potion of resistance {unknown}
 k - a potion of curing {unknown}
 l - a potion of haste {unknown}

Dungeon Overview and Level Annotations

Branches:
Dungeon (4/15)
 Temple: D:4-7

Altars:

Shops:
D:2 ?


Message History

The goblin hits you but does no damage. The goblin misses you.
The goblin closely misses you. Robin throws the goblin at you!
You climb upwards.
Reactivating autopickup.
You feel sick.
There is a stone staircase leading down here.
You shoot an arrow.
The arrow hits Robin but does no damage.
Robin is severely wounded.
You feel sick.
The goblin splashes around in the water.
The goblin hits you but does no damage. x2
The hobgoblin hits you but does no damage.
The goblin hits you with a +0 dagger. The goblin barely misses you.
Robin hits you with a +0 trident.
You shoot an arrow. The arrow barely misses Robin.
You feel sick.
The goblin hits you but does no damage. x2
The goblin barely misses you. The hobgoblin barely misses you.
The goblin closely misses you. You furiously retaliate!
You headbutt the goblin!
You kill the goblin!
The goblin hits you but does no damage.
You are lethally poisoned!
Robin hits you with a +0 trident.
You shoot an arrow. The arrow hits Robin.
You kill Robin!
You feel very sick.
The goblin splashes around in the water.
The goblin closely misses you.
The hobgoblin splashes around in the water.
The goblin barely misses you. The goblin hits you but does no damage.
You feel your strength returning.
You shoot an arrow. The arrow hits the goblin!
You kill the goblin!
You hear a splash.
You feel very sick. The goblin hits you but does no damage.
The goblin closely misses you.
The hobgoblin hits you but does no damage.
The goblin closely misses you.
The goblin hits you with a +2 dagger of venom.
You die...

#......# ##.. #......# ##..
####..####%.# ###.......##
###.........## #....#......#.
#########.##.#........
#####...)g)...............
##.....#.#@g.......#.......
#.....~#.g)g...............
###.##.~~#~~~~.............##
##...#~~~~~~~~~~~............#
#....~~~~~...~~~~~.([.##.#.#..
#.##.~#~~~..~8~~~~.......#....
#..#~~~#~~~.~~~~~~##.......#..
##.~~~~~~~~.~~#~)~~~..####.#..
#.~~~~~~~...~~~~~~~.......#..


You could see a hobgoblin (strong) and 3 goblins.

Vanquished Creatures
  Robin (D:3)
  2 adders
  3 worms
  6 dart slugs
  An orc (D:3)
  5 ball pythons (D:2)
  4 bats
  2 endoplasms
  A giant cockroach (D:1)
  5 goblins
  5 hobgoblins
  4 quokkas
  3 frilled lizards
  3 kobolds
  A rat (D:3)
46 creatures vanquished.

Notes
Turn   | Place    | Note
-------+----------+-------------------------------------------
     0 | D:1      | qw the Minotaur Hexslinger began the quest for the Orb.
     0 | D:1      | Reached XP level 1. HP: 16/16 MP: 1/1
     0 | D:1      | 0 ||| qw: Version: 0.3-a-46-gb1f654a
     0 | D:1      | 0 ||| qw: Game counter: 2525
     0 | D:1      | 0 ||| qw: Melee chars always use a shield: true
     0 | D:1      | 0 ||| qw: God list: Okawaru
     0 | D:1      | 0 ||| qw: Allow faded altars: false
     0 | D:1      | 0 ||| qw: Do Orc after clearing Dungeon:15 true
     0 | D:1      | 0 ||| qw: Do second Lair branch before Depths: true
     0 | D:1      | 0 ||| qw: Lair rune preference: random
     0 | D:1      | 0 ||| qw: Goals: Normal
     0 | D:1      | 0 ||| PLANNING D:1-11
   370 | D:1      | Reached skill level 3 in Ranged Weapons
   370 | D:1      | Reached XP level 2. HP: 23/23 MP: 2/2
   608 | D:1      | 608 ||| UPGRADING to +0 leather armour.
   618 | D:1      | 618 ||| DROPPING +0 robe.
   619 | D:1      | 619 ||| READING 2 scrolls labelled WEREG DEUTOQI.
   620 | D:1      | 620 ||| READING scroll labelled WEUDOA VOUL.
   621 | D:1      | 621 ||| READING scroll labelled QEGIRI FOJISUUN.
   622 | D:1      | 622 ||| READING scroll labelled YRUMNU FAMNI.
   626 | D:1      | 626 ||| DRINKING 2 amethyst potions.
   627 | D:1      | 627 ||| DROPPING scroll of butterflies.
   628 | D:1      | 628 ||| DROPPING scroll of poison.
   629 | D:1      | 629 ||| DROPPING potion of degeneration.
   654 | D:2      | 654 ||| STAIRDANCE
   658 | D:1      | HP: 2/23 [worm (9)]
  1029 | D:2      | Found Zeha's Magic Scroll Emporium.
  1038 | D:2      | 1038 ||| BUYING scroll of identify (24 gold).
  1038 | D:2      | Bought a scroll of identify for 24 gold pieces
  1038 | D:2      | 1038 ||| SHOPLISTING scroll of teleportation (36 gold, have
                  | 16).
  1123 | D:2      | Reached XP level 3. HP: 29/29 MP: 3/3
  1398 | D:2      | Reached skill level 4 in Ranged Weapons
  1670 | D:2      | 1670 ||| UPGRADING to +0 ring mail.
  1680 | D:2      | 1680 ||| UPGRADING to +0 pair of boots.
  1685 | D:2      | 1685 ||| UPGRADING to +2 pair of gloves.
  1690 | D:2      | 1690 ||| DROPPING +0 leather armour.
  1691 | D:2      | 1691 ||| READING scroll labelled WIROLAAROP.
  1692 | D:2      | 1692 ||| DRINKING 2 glowing brown potions.
  1732 | D:2      | 1732 ||| DROPPING potion of lignification.
  1811 | D:3      | 1811 ||| SWAPPING to +0 shortbow.
  1812 | D:3      | 1812 ||| DROPPING +1 sling.
  1845 | D:3      | 1845 ||| Stepping ~*~*~tactically~*~*~ (outnumbered).
  1852 | D:3      | Reached skill level 1 in Armour
  1858 | D:3      | 1858 ||| Stepping ~*~*~tactically~*~*~ (water).
  1934 | D:3      | Reached XP level 4. HP: 36/36 MP: 4/4
  2199 | D:3      | 2199 ||| DROPPING +1 robe of positive energy.
  2200 | D:3      | 2200 ||| UPGRADING to ring of poison resistance.
  2201 | D:3      | 2201 ||| DRINKING 2 red potions.
  2202 | D:3      | 2202 ||| DROPPING potion of brilliance.
  2227 | D:4      | Noticed Robin
  2231 | D:4      | 2231 ||| STAIRDANCE
  2233 | D:3      | HP: 9/36 [goblin/+0 dagger[Robin] (5)]
  2235 | D:3      | Killed Robin
  2235 | D:3      | HP: 4/36 [poisoned by a goblin]
  2236 | D:3      | HP: 1/36 [poisoned by a goblin]
  2236 | D:3      | Slain by a goblin

Levels and vault maps discovered:
D:1:      dpeg_arrival_rhombus, layout_loops_ring
D:2:      wad_crossroads, layout_loops_ring, serial_shops,
          nicolae_shop_tiny_waterfront, hangedman_decor_push,
          chequers_serial_rivers_micro_d, nicolae_figureground_sparkle
D:3:      kennysheep_slugbush, layout_rooms
D:4:      layout_loops_cross, general_overflow_altar, uniq_natasha, uniq_edmund,
          uniq_crazy_yiuf_cottage, uniq_menkaure, uniq_robin

Skill      XL: |  1  2  3 |
---------------+----------+-----
Ranged Weapons | 3 4 |  4.9
Fighting       | 2 |  2.0
Armour         | 1 |  1.0
Dodging        | |  2.1
Spellcasting   | |  1.0
Hexes          | |  2.0

Action                     |  1- 3 |  4- 6 || total
---------------------------+-------+-------++-------
   Fire: Sling             |    92 |       ||    92
         Shortbow          |    29 |    37 ||    66
    Use: Scroll            |     5 |       ||     5
         Potion            |     2 |     1 ||     3
 Armour: Leather armour    |     7 |       ||     7
         Ring mail         |     7 |    33 ||    40
  Dodge: Dodged            |    33 |    30 ||    63

Table legend:
 A = Non-vault XP
 B = Vault XP
 C = Vault XP percentage of total XP
 D = Non-vault monster count
 E = Vault monster count
 F = Vault count percentage of total count
                 A         B        C        D         E       F
            +---------+---------+-------+---------+---------+-------
      Total |      93 |      51 |  35.4 |      32 |      14 |  30.4
            +---------+---------+-------+---------+---------+-------
        D:1 |      17 |       0 |   0.0 |       8 |       0 |   0.0
        D:2 |      44 |       7 |  13.7 |      13 |       4 |  23.5
        D:3 |      32 |      40 |  55.6 |      11 |       8 |  42.1
        D:4 |       0 |       4 | 100.0 |       0 |       2 | 100.0
            +---------+---------+-------+---------+---------+-------
